[Event "4NCL Div 1 2024-25"]
[Site "England"]
[Date "2025.04.06"]
[Round "8.16"]
[White "Smith, Andrew Philip"]
[Black "Terbe, Julianna"]
[Result "1/2-1/2"]
[Annotator "ChessBase"]
[ECO "B23"]
[WhiteElo "2108"]
[BlackElo "2225"]
[PlyCount "69"]
[EventDate "2024.11.23"]
[EventType "team-tourn"]
[EventCountry "ENG"]
[SourceTitle "playchess.com"]
[Source "ChessBase"]
[SourceQuality "1"]
[TimeControl "40/6000+30:3000+30"]

1. e4 c5 2. Nc3 Nc6 3. Bb5 Nd4 4. Bc4 a6 5. Nge2 b5 6. Bd5 Rb8 7. d3 e6 8. Bb3 Nxb3 9. axb3 d6 10. O-O Nf6 11. f4 Qc7 12. Qe1 b4 13. Nd1 Be7 14. Qg3 g6 15. Ne3 d5 16. exd5 exd5 17. Kh1 O-O 18. Bd2 d4 19. Nc4 Nh5 20. Qf2 f5 21. Ng1 Bb7 22. Qe2 Bf6 23. Qe6+ Kh8 24. Qd6 Qg7 25. Nf3 Be7 26. Qe5 Qxe5 27. Nfxe5 Nf6 28. Na5 Bd5 29. Nac6 Rbe8 30. Rxa6 Ng4 31. Re1 Bh4 32. Rea1 Bf6 33. Re1 Bh4 34. Rea1 Bf6 35. Re1 1/2-1/2

[Event "4NCL Div 1 2024-25"]
[Site "England"]
[Date "2025.04.06"]
[Round "8.17"]
[White "Fernandez, Daniel Howard"]
[Black "Waldhausen Gordon, Frederick"]
[Result "0-1"]
[Annotator "TA"]
[ECO "C50"]
[WhiteElo "2485"]
[BlackElo "2361"]
[PlyCount "122"]
[EventDate "2024.11.23"]
[EventType "team-tourn"]
[EventCountry "ENG"]
[SourceTitle "playchess.com"]
[Source "ChessBase"]
[SourceQuality "1"]
[TimeControl "40/6000+30:3000+30"]

1. e4 e5 2. Nf3 Nc6 3. Bc4 Nf6 4. d3 Bc5 5. Bg5 h6 6. Bh4 Be7 {[%emt 0:02:28] C50: Hungarian Defence and Giuoco Pianissimo.} 7. Bg3 d6 8. Nbd2 O-O {[%emt 0:01:26] The position is equal.} 9. a4 Be6 10. O-O Qd7 11. c3 Rfe8 12. Re1 Bf8 13. a5 a6 14. h3 Rad8 $146 (14... g6 15. Bxe6 Rxe6 16. d4 exd4 17. cxd4 d5 18. e5 Nh5 19. Bh2 Bb4 20. Re2 Nxa5 {0-1 Seemann,J (2494)-Sokolovsky,Y (2552) Wch U20 62nd 2025 (4)}) 15. Qb3 Rb8 16. Nf1 Bxc4 17. Qxc4 Qe6 18. Qxe6 fxe6 19. N1d2 Rbc8 20. Kf1 g6 21. b4 Kf7 22. Reb1 Ra8 23. Ke2 Bg7 24. h4 Ke7 25. Nc4 Kd7 26. Nfd2 Nh5 27. Nb3 Nxg3+ 28. fxg3 Rf8 29. g4 Bf6 30. g3 Be7 31. Ne3 Na7 32. c4 {[%emt 0:03:21] Prevents Nb5.} Rf7 33. Rf1 Rxf1 34. Rxf1 Rf8 {[%emt 0:00:37] Repels Rf7} 35. Rb1 g5 36. hxg5 Bxg5 37. Nc2 Rg8 38. d4 (38. Rh1 $11 {remains equal.}) 38... exd4 $17 39. Nbxd4 Bf6 40. Rh1 Rg6 (40... Rxg4 41. Rxh6 Bxd4 (41... Rxe4+ $2 42. Kd3 $18) 42. Nxd4 $11) 41. Kf3 Bg7 42. Rh5 Rg5 43. Rxg5 ({Better is} 43. Rh1 $1 $15) 43... hxg5 $19 44. Ke3 Bxd4+ $1 45. Kxd4 {[%emt 0:00:08][%mdl 4096] Endgame [#] KN-KN} (45. Nxd4 Nc6 (45... c5 46. bxc5 Nc6 47. cxd6 $11) 46. Nc2) 45... c5+ $1 46. Kc3 (46. bxc5 Nc6+) 46... Nc6 47. bxc5 dxc5 (47... Nxa5 48. cxd6 Kxd6 49. Nd4 $17) 48. Ne1 Nxa5 49. Nf3 Nc6 (49... b5 $19 50. cxb5 axb5) 50. e5 $17 b5 ({Black should play} 50... Kc7 $19 51. Nxg5 Nxe5) 51. Nxg5 Nxe5 (51... b4+ $6 52. Kc2 $11) 52. Ne4 Kc6 (52... bxc4 53. Nxc5+ Ke7 54. Nxa6 $14) 53. g5 bxc4 54. Nf6 a5 55. Nh5 (55. Ne4 $17 {was necessary.}) 55... a4 $19 56. Nf4 $2 (56. Kc2) 56... Kd6 {[%emt 0:00:00] and ...a3 would now be decisive} 57. g6 $2 {[%emt 0:00:00] [#]} (57. Ne2 a3 58. Kc2) 57... Ke7 $1 ({Not} 57... a3 $2 58. g7 a2 59. Kb2 $18) 58. g7 Kf7 59. Nxe6 a3 60. Kc2 Nd3 (60... Kxe6 $2 {is the wrong capture.} 61. g8=Q+ (61. g8=R Kf5 $16) 61... Kf5 62. Qc8+ Ke4 63. Qa8+ (63. Qxc5 a2 $18) 63... Kf5 64. Qxa3 $18) 61. Ng5+ Kxg7 {[%emt 0:00:00] Weighted Error Value: White=0.45/Black=0.08 (flawless)   Mistake:       	White=6     	Black=2      Inaccurate:     	White=1     	Black=1      OK:         	White=10    	Black=18     Best:        	White=7     	Black=3      Strong:       	---       	Black=2      Brilliant:      	---       	Black=1} 0-1

[Event "4NCL Div 1 2024-25"]
[Site "England"]
[Date "2025.04.06"]
[Round "8.18"]
[White "Olson, Hamish"]
[Black "Makkar, Rajat"]
[Result "0-1"]
[Annotator "ChessBase"]
[ECO "D02"]
[WhiteElo "2374"]
[BlackElo "2432"]
[PlyCount "58"]
[EventDate "2024.11.23"]
[EventType "team-tourn"]
[EventCountry "ENG"]
[SourceTitle "playchess.com"]
[Source "ChessBase"]
[SourceQuality "1"]
[TimeControl "40/6000+30:3000+30"]

1. Nf3 d5 2. g3 Nc6 3. d4 Bf5 4. Bg2 Nb4 5. Na3 e6 6. O-O Nc6 7. b3 Be7 8. c4 Nf6 9. Bb2 Ne4 10. Nb5 h5 11. Rc1 h4 12. Ne5 hxg3 13. hxg3 Bd6 14. Nxd6+ cxd6 15. Nf3 Qf6 16. Re1 g5 17. cxd5 exd5 18. b4 Bh3 19. Bxh3 Rxh3 20. Kg2 g4 21. Qa4 Kd7 22. b5 gxf3+ 23. exf3 Rh2+ 24. Kxh2 Qxf3 25. bxc6+ Ke7 26. Rxe4+ Qxe4 27. g4 Qf3 28. Re1+ Kf6 29. g5+ Kg7 0-1

[Event "4NCL Div 1 2024-25"]
[Site "England"]
[Date "2025.04.06"]
[Round "8.19"]
[White "Ghasi, Ameet K"]
[Black "Vijayakumar, Rishi"]
[Result "1-0"]
[Annotator "TA"]
[ECO "A08"]
[WhiteElo "2503"]
[BlackElo "2172"]
[PlyCount "105"]
[EventDate "2024.11.23"]
[EventType "team-tourn"]
[EventCountry "ENG"]
[SourceTitle "playchess.com"]
[Source "ChessBase"]
[SourceQuality "1"]
[TimeControl "40/6000+30:3000+30"]

1. Nf3 d5 2. g3 c5 3. Bg2 f6 4. O-O e5 5. d3 Nc6 6. c4 d4 {[%emt 0:01:48] A08: King's Indian Attack.} 7. e3 Bd6 8. exd4 cxd4 {[%emt 0:00:28] White has an edge.} 9. Nbd2 Nge7 10. a3 a5 11. Rb1 $146 (11. Ne4 a4 12. b4 Bc7 13. Nc5 O-O 14. Re1 Bd7 15. Nxb7 Qc8 16. Nc5 Bh3 17. Bh1 {1-0 Hevia Alejano,C (2467)-Mahajan,R (2151) PNWCC Online Masters Artist Point 2020 (3)}) 11... Ng6 12. h4 O-O 13. h5 Nh8 14. Nh4 Be6 (14... Nf7 $11) 15. Ne4 $14 Be7 ({Black should play} 15... Nf7 $14) 16. f4 $1 $16 h6 (16... exf4 $16 17. Bxf4 Nf7) 17. f5 $18 Bd7 18. Ng6 {[%emt 0:00:35] Prevents Nf7} Re8 (18... Nf7 $142 19. Nxf8 Bxf8) 19. c5 $2 (19. Bxh6 $18 {and the rest is easy.} gxh6 20. Qg4) 19... a4 (19... Nf7 $16) 20. Bd2 (20. Bxh6 $18 {is more deadly.} gxh6 21. Qg4 (21. Nxe7+ Qxe7 22. b4 Na7 $17)) 20... Nf7 $16 21. b4 {[%emt 0:00:31] Inhibits Na5.} Na7 $1 22. Nf2 {[%emt 0:07:06] White is much more active.} Bc6 23. Bxc6 {[%emt 0:00:25][%csl Og6] Strong Square White (g6)} bxc6 24. Qxa4 {[%emt 0:02:05] White plays on the queen side and is better} Nb5 25. Qb3 (25. Qd1 {simplifies} Rxa3 26. Ra1 Qa8 27. Rxa3 Qxa3 28. Qa1) 25... Rxa3 26. Qe6 Bd6 $1 27. Qc4 Bc7 (27... Bf8 $11) 28. Ra1 Qd5 29. Ne4 Kh7 {[%emt 0:00:00] [#]} 30. Rxa3 $1 Nxa3 31. Qa6 $36 {[%emt 0:00:39][%mdl 2048] White fights for an advantage.} Nb5 32. Ra1 Qd7 (32... Nc3 $1 $11) 33. g4 Qd5 {[%emt 0:00:41] White has space advantage and is better} (33... Bb8 $142) 34. Qa2 Ng5 $2 {[%emt 0:00:50][%mdl 8192] [#]} (34... Bb8 $16 35. Kf1 (35. Qxd5 cxd5 36. Nf2 e4 $11) 35... Bc7) 35. Bxg5 $1 $18 hxg5 36. h6 ({Much weaker is} 36. Qxd5 $6 cxd5 37. Nf2 Kg8 $11 (37... e4 38. dxe4 dxe4 39. Nxe4 $14)) 36... Qxa2 (36... Nc3 $16 37. Qa7 Qd7 (37... Nxe4 $2 38. Qxc7 Qg8 39. dxe4 $18)) 37. Rxa2 Bd8 (37... Rb8 $142 38. Ne7 (38. Ra6 Bd8 $18) 38... Nc3) 38. hxg7 Kxg7 39. Ra6 Bc7 40. Rxc6 Ra8 41. Nxf6 {[%emt 0:51:13] Excellent horsemanship.} Ra1+ 42. Kg2 {[%emt 0:00:00] aiming for Ne8+.} Ra2+ 43. Kf3 Kf7 44. Nd7 e4+ 45. Kxe4 Rb2 46. Nde5+ Kg7 47. f6+ {[%emt 0:00:00] White mates.} Kh7 48. f7 Bd6 49. Rxd6 Nxd6+ 50. cxd6 Rf2 51. d7 Rf1 52. d8=Q Re1+ 53. Kd5 {[%emt 0:00:00] Weighted Error Value: White=0.12 (very precise) /Black=0.77  Loses game:     	---       	Black=2      Missed win:     	White=1     	---        Mistake:       	White=1     	Black=9      Inaccurate:     	White=1     	Black=1      OK:         	White=17    	Black=7      Best:        	White=1     	Black=2      Strong:       	White=3     	Black=2} 1-0

[Event "4NCL Div 1 2024-25"]
[Site "England"]
[Date "2025.04.06"]
[Round "8.20"]
[White "Gourlay, Iain"]
[Black "Roberson, Peter T"]
[Result "0-1"]
[Annotator "ChessBase"]
[ECO "A21"]
[WhiteElo "2303"]
[BlackElo "2432"]
[PlyCount "96"]
[EventDate "2024.11.23"]
[EventType "team-tourn"]
[EventCountry "ENG"]
[SourceTitle "playchess.com"]
[Source "ChessBase"]
[SourceQuality "1"]
[TimeControl "40/6000+30:3000+30"]

1. c4 e5 2. g3 Be7 3. Nc3 f5 4. d4 d6 5. Bh3 Nf6 6. Nf3 e4 7. Nh4 g6 8. f3 O-O 9. Bg5 Nc6 10. O-O Re8 11. Ng2 exf3 12. exf3 Nh5 13. Bxe7 Rxe7 14. Qd2 Bd7 15. g4 Ng7 16. g5 Rf7 17. f4 Qf8 18. Nd5 Ne6 19. Nf6+ Rxf6 20. gxf6 Ncxd4 21. Ne3 Qxf6 22. Bg2 Re8 23. Rae1 c6 24. Nc2 Nxc2 25. Qxc2 Qd4+ 26. Qf2 Qxc4 27. Qxa7 Qb4 28. Qf2 d5 29. Re3 Qd6 30. a4 Ra8 31. b3 Nc5 32. Rh3 Re8 33. Qh4 Re7 34. Re1 Ne4 35. Rhe3 Be6 36. Rc1 Rd7 37. Bxe4 fxe4 38. Qf6 Rf7 39. Qe5 Qxe5 40. fxe5 Rf5 41. a5 Rxe5 42. Rc5 Kf7 43. b4 Kf6 44. b5 cxb5 45. Rc7 d4 46. Re1 Bd5 47. Rf1+ Rf5 48. Rxf5+ gxf5 0-1

[Event "4NCL Div 1 2024-25"]
[Site "England"]
[Date "2025.04.06"]
[Round "8.21"]
[White "Hryshchenko, Kamila"]
[Black "Berry, Neil"]
[Result "1/2-1/2"]
[Annotator "ChessBase"]
[ECO "C90"]
[WhiteElo "2138"]
[BlackElo "2248"]
[PlyCount "140"]
[EventDate "2024.11.23"]
[EventType "team-tourn"]
[EventCountry "ENG"]
[SourceTitle "playchess.com"]
[Source "ChessBase"]
[SourceQuality "1"]
[TimeControl "40/6000+30:3000+30"]

1. e4 e5 2. Nf3 Nc6 3. Bb5 a6 4. Ba4 Nf6 5. O-O Be7 6. Re1 b5 7. Bb3 d6 8. c3 O-O 9. d3 Na5 10. Bc2 c5 11. Nbd2 Re8 12. Nf1 h6 13. h3 Bf8 14. Ng3 Nc6 15. d4 cxd4 16. cxd4 exd4 17. Nxd4 Nxd4 18. Qxd4 Be6 19. b3 Rc8 20. Bd3 Nd7 21. Bb2 Ne5 22. Be2 Rc2 23. Bc3 Qc7 24. Rec1 Rxc1+ 25. Rxc1 Rc8 26. Bd2 Qb7 27. Rxc8 Qxc8 28. f4 Nc6 29. Qd3 Qd8 30. Nh5 Bd7 31. Qg3 Nd4 32. Bd3 d5 33. Be3 Nc6 34. e5 Ne7 35. e6 fxe6 36. Bd4 Nf5 37. Bxf5 exf5 38. Nxg7 Kf7 39. Nh5 Qe7 40. Be5 Be6 41. Kh2 Ke8 42. Nf6+ Kd8 43. Qc3 Qb7 44. Qa5+ Ke7 45. Nh7 Qc8 46. Qa3+ Kf7 47. Nxf8 Qxf8 48. Qxa6 Qe8 49. a4 bxa4 50. bxa4 Qd7 51. a5 d4 52. Qd3 Qd5 53. a6 Qc4 54. Qxc4 Bxc4 55. a7 Bd5 56. Bxd4 h5 57. Kg3 Kg6 58. Be5 Bb7 59. Kf2 Kf7 60. Ke3 Bxg2 61. Kd4 Ke6 62. Kd3 Be4+ 63. Ke3 Bb7 64. Bb8 Bh1 65. Kf2 Be4 66. Ke1 Kd7 67. Kd2 Bg2 68. Ke3 Ke6 69. Kd4 Bh1 70. Kc5 Kd7 1/2-1/2

[Event "4NCL Div 1 2024-25"]
[Site "England"]
[Date "2025.04.06"]
[Round "8.22"]
[White "Shafi, Declan"]
[Black "Onslow, Alfie"]
[Result "1-0"]
[Annotator "ChessBase"]
[ECO "B15"]
[WhiteElo "2181"]
[BlackElo "2170"]
[PlyCount "153"]
[EventDate "2024.11.23"]
[EventType "team-tourn"]
[EventCountry "ENG"]
[SourceTitle "playchess.com"]
[Source "ChessBase"]
[SourceQuality "1"]
[TimeControl "40/6000+30:3000+30"]

1. e4 g6 2. d4 Bg7 3. Nc3 c6 4. f4 d5 5. e5 h5 6. Nf3 Nh6 7. Be3 Bg4 8. Bd3 e6 9. h3 Bxf3 10. Qxf3 Nf5 11. Bf2 h4 12. O-O a5 13. Ne2 Na6 14. c3 Bf8 15. Kh2 Be7 16. Ng1 Nc7 17. Qe2 b6 18. Nf3 Kf8 19. Rac1 c5 20. b3 a4 21. Rfd1 Kg8 22. Qe1 axb3 23. axb3 Ra3 24. Bc2 c4 25. Rb1 b5 26. b4 Ra2 27. Rdc1 Qa8 28. Ra1 Bf8 29. Bxf5 exf5 30. Rxa2 Qxa2 31. Ra1 Qb2 32. Ng5 Be7 33. Ra5 Bxg5 34. fxg5 Ne6 35. Rxb5 Rh5 36. Bxh4 Nxg5 37. Qg3 Ne4 38. Rb8+ Kh7 39. Bf6 g5 40. Rh8+ Kg6 41. Rg8+ Kh7 42. Rg7+ Kh6 43. Qf3 g4 44. Qe3+ Ng5 45. h4 Rxh4+ 46. Kg3 f4+ 47. Qxf4 Rh3+ 48. gxh3 Qxc3+ 49. Kh2 Qc2+ 50. Kg1 Qd1+ 51. Kf2 Qc2+ 52. Ke1 Qb1+ 53. Ke2 Qd3+ 54. Ke1 Qb1+ 55. Kd2 Qd3+ 56. Kc1 Qc3+ 57. Kd1 Qb3+ 58. Ke2 Qd3+ 59. Kf2 Qc2+ 60. Kg1 Qd1+ 61. Qf1 Qxd4+ 62. Kh2 Qd2+ 63. Kg3 Qe3+ 64. Kxg4 Qe4+ 65. Kg3 Qe3+ 66. Kh2 Nf3+ 67. Kh1 c3 68. Rg2 Qe4 69. Qc1+ Kh5 70. Rg4 Qf5 71. Qxc3 Qb1+ 72. Kg2 Ne1+ 73. Kg3 Nd3 74. Qd2 Qg1+ 75. Qg2 Qe3+ 76. Kh2 Ne1 77. Rh4# 1-0

[Event "4NCL Div 1 2024-25"]
[Site "England"]
[Date "2025.04.06"]
[Round "8.23"]
[White "Price, Gwilym"]
[Black "McKay, Roderick M"]
[Result "1/2-1/2"]
[Annotator "ChessBase"]
[ECO "B56"]
[WhiteElo "2223"]
[BlackElo "2177"]
[PlyCount "84"]
[EventDate "2024.11.23"]
[EventType "team-tourn"]
[EventCountry "ENG"]
[SourceTitle "playchess.com"]
[Source "ChessBase"]
[SourceQuality "1"]
[TimeControl "40/6000+30:3000+30"]

1. e4 c5 2. Nf3 d6 3. d4 cxd4 4. Nxd4 Nf6 5. Nc3 e5 6. Bb5+ Bd7 7. Bxd7+ Qxd7 8. Nde2 h6 9. O-O Be7 10. Ng3 Nc6 11. Nh5 Nxh5 12. Qxh5 Qe6 13. Nd5 Rc8 14. c3 O-O 15. Be3 f5 16. Qh3 Bd8 17. Rfd1 b6 18. a4 Na5 19. Rd3 Qg6 20. exf5 Qxf5 21. Qxf5 Rxf5 22. Rad1 Rc4 23. b4 Nc6 24. Bc1 e4 25. Ne3 exd3 26. Nxc4 Ne5 27. Nxe5 Rxe5 28. Be3 Bg5 29. Rxd3 Bxe3 30. fxe3 Kf7 31. Rxd6 Rxe3 32. Rd7+ Kg8 33. Rc7 a5 34. Kf2 Re4 35. Kf3 Rh4 36. bxa5 bxa5 37. c4 Rxh2 38. Rc5 Rh4 39. g3 Rd4 40. Ke3 Rg4 41. Kf3 Rd4 42. Ke3 Rg4 1/2-1/2

[Event "4NCL Div 1 2024-25"]
[Site "England"]
[Date "2025.04.06"]
[Round "8.25"]
[White "Golding, Alex"]
[Black "Parker, Jonathan F"]
[Result "1/2-1/2"]
[Annotator "TA"]
[ECO "B06"]
[WhiteElo "2404"]
[BlackElo "2523"]
[PlyCount "132"]
[EventDate "2024.11.23"]
[EventType "team-tourn"]
[EventCountry "ENG"]
[SourceTitle "playchess.com"]
[Source "ChessBase"]
[SourceQuality "1"]
[TimeControl "40/6000+30:3000+30"]

1. d4 Nf6 2. c3 g6 3. Bg5 Bg7 4. Nd2 d6 5. e4 h6 6. Bh4 {[%emt 0:01:59] B06: Modern Defence.} c5 7. dxc5 dxc5 8. Bb5+ $146 (8. Ngf3 O-O 9. Qc2 Nc6 10. Rd1 Be6 11. Bc4 Qc8 12. O-O Bxc4 13. Nxc4 Qe6 14. Nfd2 Rad8 15. a4 Nh5 16. Ne3 Nf4 {½-½ Fedorov,A (2477)-Harsh,S (2261) Indore op 1st 2023 (6)}) 8... Bd7 9. Bxf6 Bxf6 10. Bxd7+ Qxd7 11. Qe2 Nc6 12. Ngf3 Rd8 13. Rd1 Qc7 14. O-O Bg7 15. Nb3 Rxd1 16. Rxd1 b6 17. g3 {[%emt 0:07:38] Not much happening anymore} O-O 18. Kg2 Rd8 19. Rxd8+ Nxd8 20. Qb5 Kf8 21. Nbd2 Qc6 22. Qxc6 Nxc6 $11 {[%emt 0:00:04][%mdl 4096] Endgame KBN-KNN} 23. Kf1 Ke8 24. Ke2 Kd7 25. Ne1 b5 26. Nc2 e6 27. f4 Bf8 28. b3 a6 29. Ne3 Be7 30. e5 h5 31. Ne4 Nd8 32. Kd3 Nc6 33. Nf1 Na5 34. Nfd2 Nc6 35. Nf3 Nd8 36. Nfg5 Kc6 37. c4 b4 38. Nh7 Kc7 39. Nhf6 Kc6 40. Ke3 {[%emt 0:02:50] White is more active.} a5 41. Ng8 {[%emt 0:25:39] A dynamic duo of knights.} Bf8 42. Nef6 Nb7 43. Ke4 Kc7 44. h3 Kd8 45. g4 hxg4 46. hxg4 Bg7 47. f5 (47. Kd3 $16) 47... gxf5+ 48. gxf5 exf5+ 49. Kxf5 {[%emt 0:00:07] [#]} a4 $1 50. bxa4 Na5 51. Ke4 Nxc4 52. Kd5 Nb6+ (52... Nxe5 $5 53. Kxe5 Kc7 $16) 53. Kxc5 Nxa4+ 54. Kxb4 Nb2 55. Kc3 Na4+ 56. Kd4 Bf8 57. Ne4 Kd7 58. Ngf6+ Ke6 59. Ng5+ Ke7 (59... Kf5 $1 $11) 60. Nd5+ $16 Ke8 61. Ne4 ({White should try} 61. Nh7 $16) 61... Kd7 $14 62. Ndc3 Nxc3 {[%emt 0:02:22] The position is equal.} 63. Nxc3 Ke6 64. Ne4 {[%emt 0:00:15] [#]} Bg7 65. Ng5+ Ke7 66. Kd5 {[%emt 0:02:17] Ne4 would now be deadly.} Bxe5 $1 {[%emt 0:00:12] Weighted Error Value: White=0.09 (flawless) /Black=0.08 (flawless)   Mistake:       	White=2     	Black=1      Inaccurate:     	White=6     	Black=6      OK:         	White=20    	Black=12     Best:        	White=1     	Black=8      Strong:       	---       	Black=2} 1/2-1/2

[Event "4NCL Div 1 2024-25"]
[Site "England"]
[Date "2025.04.06"]
[Round "8.26"]
[White "Panjwani, Raja"]
[Black "Czopor, Maciej"]
[Result "1/2-1/2"]
[Annotator "ChessBase"]
[ECO "B45"]
[WhiteElo "2448"]
[BlackElo "2383"]
[PlyCount "60"]
[EventDate "2024.11.23"]
[EventType "team-tourn"]
[EventCountry "ENG"]
[SourceTitle "playchess.com"]
[Source "ChessBase"]
[SourceQuality "1"]
[TimeControl "40/6000+30:3000+30"]

1. e4 c5 2. Nf3 e6 3. d4 cxd4 4. Nxd4 Nf6 5. Nc3 Nc6 6. Nxc6 bxc6 7. e5 Nd5 8. Ne4 Qc7 9. f4 f5 10. exf6 gxf6 11. Bd2 Be7 12. Qf3 Qb6 13. c4 Qxb2 14. Rd1 Nb4 15. Qh5+ Kd8 16. Qa5+ Ke8 17. Qh5+ Kd8 18. Qa5+ Ke8 19. Be2 Nc2+ 20. Kf1 d5 21. Bh5+ Kd7 22. f5 exf5 23. Bf4 Ne3+ 24. Bxe3 fxe4 25. Qa4 Qb4 26. Bg4+ Kc7 27. Bf4+ Kb6 28. Be3+ Kc7 29. Bf4+ Kb6 30. Be3+ Kc7 1/2-1/2

[Event "4NCL Div 1 2024-25"]
[Site "England"]
[Date "2025.04.06"]
[Round "8.27"]
[White "Bazakutsa, Svyatoslav"]
[Black "Merry, Alan B"]
[Result "1-0"]
[Annotator "TA"]
[ECO "E57"]
[WhiteElo "2486"]
[BlackElo "2417"]
[PlyCount "115"]
[EventDate "2024.11.23"]
[EventType "team-tourn"]
[EventCountry "ENG"]
[SourceTitle "playchess.com"]
[Source "ChessBase"]
[SourceQuality "1"]
[TimeControl "40/6000+30:3000+30"]

1. d4 Nf6 2. c4 e6 3. Nc3 Bb4 4. e3 O-O 5. Bd3 d5 6. Nf3 dxc4 7. Bxc4 c5 8. O-O cxd4 9. exd4 Nc6 10. a3 Bxc3 11. bxc3 b6 {[%emt 0:02:58] E57: Nimzo-Indian: Rubinstein: Main Line: 7...Nc6 8 a3 dxc4 9 Bxc4 cxd4.} 12. Bd3 Bb7 13. Bb2 Qd6 {[%emt 0:11:25] The position is equal.} 14. Re1 Rfd8 15. h3 Rac8 16. c4 Ne7 17. a4 Ng6 18. Re3 $146 (18. a5 Qf4 19. Re3 Nh4 20. Nxh4 Qxh4 21. axb6 axb6 22. Ra7 Bc6 23. Rg3 Ra8 24. Rxa8 Bxa8 {1-0 Salem,A (2656)-Bindrich,F (2590) Wch Rapid Doha 2016 (9)}) 18... Qb4 19. Qd2 Qxd2 (19... Rxc4 {looks sharper.} 20. Bxc4 Qxc4 21. a5 Ne4) 20. Nxd2 Ne8 21. a5 Nd6 22. g3 Ne7 23. g4 {[%emt 0:00:02] Dodges Ndf5} Nc6 24. axb6 axb6 25. Bf1 Ra8 26. Rxa8 Bxa8 27. c5 Nc8 ({Black should try} 27... bxc5 $14 28. dxc5 Nb7) 28. Ra3 $16 Bb7 {[%emt 0:00:40] [#]} 29. cxb6 N6e7 (29... Nxb6 $2 {loses.} 30. Rb3 $18) (29... e5 $16 30. Bg2 exd4 (30... Nxb6 $2 31. Rb3 $18)) 30. Nc4 h6 31. Rb3 Nd5 32. Na5 Nd6 33. Ba3 Ra8 34. Nxb7 Nxb7 35. Bc4 Na5 36. Bxd5 exd5 $18 {[%emt 0:00:04][%mdl 4096] Endgame KRB-KRN. White is a pawn up.} 37. Rb5 Nb7 38. Be7 Ra6 39. Rxd5 Rxb6 40. Rd7 f6 41. d5 Rb3 (41... Rb1+ $142 42. Kg2 Na5) 42. Kg2 (42. Rc7 $18) 42... Na5 $16 43. Rc7 {[%emt 0:04:58] White is more active.} Rd3 44. d6 Kf7 45. f4 {[%emt 0:00:39] Black must now prevent f5.} Nb3 $2 {[%emt 0:03:22] A mistake that costs the game.} (45... Rd4 $16 {keeps fighting.}) 46. f5 $18 Ke8 (46... Nd2 $142 47. Rc8 g6 48. Rf8+ Kg7 49. Rxf6 gxf5 50. gxf5 (50. Rxf5 Ne4 $18) 50... Nc4) 47. Rc8+ Kd7 48. Rg8 Nd2 49. Rxg7 Ne4 50. Bxf6+ Kxd6 51. Re7 Nxf6 {[%emt 0:01:56] KRN-KR} (51... Ng5 52. Bxg5 hxg5 53. Re6+ Kd7) 52. Re6+ Kd5 (52... Kd7 $142 53. Rxf6 h5) 53. Rxf6 Ke4 54. Rxh6 Kf4 55. f6 Rd2+ {[%emt 0:00:35] [#]} 56. Kf1 $1 {[%emt 0:00:07] White threatens f7 and mate.} Kg5 57. f7 Rd7 58. Rh5+ {[%emt 0:00:15] Weighted Error Value: White=0.09 (flawless) /Black=0.63  Loses game:     	---       	Black=1      Mistake:       	White=1     	Black=6      Inaccurate:     	White=2     	Black=3      OK:         	White=21    	Black=12     Best:        	White=3     	Black=8} 1-0

[Event "4NCL Div 1 2024-25"]
[Site "England"]
[Date "2025.04.06"]
[Round "8.28"]
[White "Tayar, Jonathan"]
[Black "Fitzsimons, David"]
[Result "0-1"]
[Annotator "ChessBase"]
[ECO "C01"]
[WhiteElo "2344"]
[BlackElo "2317"]
[PlyCount "70"]
[EventDate "2024.11.23"]
[EventType "team-tourn"]
[EventCountry "ENG"]
[SourceTitle "playchess.com"]
[Source "ChessBase"]
[SourceQuality "1"]
[TimeControl "40/6000+30:3000+30"]

1. e4 e6 2. d4 d5 3. Nc3 Nf6 4. exd5 exd5 5. Bg5 Be7 6. Bd3 Nc6 7. Nge2 Nb4 8. Ng3 O-O 9. O-O h6 10. Bf4 Bg4 11. Qd2 Nxd3 12. Qxd3 c6 13. Rae1 Re8 14. Be5 Nd7 15. f4 f6 16. h3 fxe5 17. hxg4 exd4 18. Nce2 Bb4 19. Rd1 Re3 20. Qf5 Qe7 21. g5 Rf8 22. Qg4 d3 23. Rxd3 Bc5 24. Rxe3 Bxe3+ 25. Kh2 hxg5 26. Nf5 Qe6 27. fxg5 Ne5 28. Qh3 Bxg5 29. Ned4 Qg6 30. b4 Re8 31. Kg1 Nc4 32. Rf3 Nd2 33. Rg3 Qf6 34. Qh5 Re1+ 35. Kf2 Qe5 0-1

[Event "4NCL Div 1 2024-25"]
[Site "England"]
[Date "2025.04.06"]
[Round "8.29"]
[White "Willow, Jonah B"]
[Black "Taylor, Martin R"]
[Result "1-0"]
[Annotator "RC"]
[ECO "B04"]
[WhiteElo "2454"]
[BlackElo "2353"]
[PlyCount "111"]
[EventDate "2024.11.23"]
[EventType "team-tourn"]
[EventCountry "ENG"]
[SourceTitle "playchess.com"]
[Source "ChessBase"]
[SourceQuality "1"]
[TimeControl "40/6000+30:3000+30"]

1. e4 Nf6 2. e5 Nd5 3. d4 d6 4. c4 Nb6 5. exd6 cxd6 6. Nc3 g6 7. Be2 Bg7 8. h3 O-O 9. Nf3 Nc6 10. O-O Bf5 11. d5 Nb4 12. a3 Na6 13. Nd4 Bd7 14. Be3 Nc5 15. b4 Nca4 16. Nxa4 Nxa4 17. Rc1 Rc8 18. Qd2 e5 19. dxe6 fxe6 20. Bg4 Re8 21. Rfe1 Qe7 22. Bg5 Qf7 23. Re3 Kh8 24. Ne2 h5 25. Bf3 Nb6 26. c5 dxc5 27. Bxb7 cxb4 28. Bxc8 Bxc8 29. Rf3 Qd7 30. Qxd7 Nxd7 31. axb4 Ne5 32. Ra3 a6 33. Rc7 Kg8 34. Be3 Nf7 35. Bd4 e5 36. Be3 Nd6 37. Rc6 Nb5 38. Ra1 Kf7 39. Bg5 Bf8 40. Rac1 Bd7 41. Rxa6 Bxb4 42. Rd1 Bf5 43. Ng3 Bc8 44. Rb6 Nc3 45. Rc1 Nd5 46. Rb5 Be6 47. Ne4 Be7 48. Rb7 Kf8 49. Rd1 Nf4 50. Bxe7+ Rxe7 51. Rd8+ Re8 52. Rxe8+ Kxe8 53. Rb5 Nd3 54. Nc5 Bc4 55. Ra5 Nf4 56. Ne4 1-0

[Event "4NCL Div 1 2024-25"]
[Site "England"]
[Date "2025.04.06"]
[Round "8.30"]
[White "Cox, John J"]
[Black "Arakhamia-Grant, Ketevan"]
[Result "0-1"]
[Annotator "ChessBase"]
[ECO "A36"]
[WhiteElo "2259"]
[BlackElo "2253"]
[PlyCount "50"]
[EventDate "2024.11.23"]
[EventType "team-tourn"]
[EventCountry "ENG"]
[SourceTitle "playchess.com"]
[Source "ChessBase"]
[SourceQuality "1"]
[TimeControl "40/6000+30:3000+30"]

1. c4 c5 2. Nc3 Nc6 3. g3 g6 4. Bg2 Bg7 5. e3 d6 6. Nge2 e5 7. a3 Nge7 8. O-O O-O 9. b4 cxb4 10. axb4 Nxb4 11. Ba3 Nbc6 12. Nb5 Nf5 13. e4 a6 14. exf5 axb5 15. cxb5 Ne7 16. fxg6 hxg6 17. Nc3 Nf5 18. Bb4 Rxa1 19. Qxa1 Nd4 20. Qa7 b6 21. Bc6 Bh3 22. Ra1 Nxc6 23. bxc6 Qf6 24. f4 exf4 25. Qxb6 Qd4+ 0-1